 Dungeon Crawl Stone Soup version 0.16-a0-3187-geb38783 (webtiles) character file.

14864 PolkaDot the Summoner (level 11, -4/78 HPs)
             Began as a Vampire Summoner on Dec 17, 2014.
             Was a High Priest of Sif Muna.
             Slain by a blink frog (12 damage)
             ... on level 3 of the Lair of Beasts.
             The game lasted 00:57:17 (13186 turns).

PolkaDot the Summoner (Vampire Summoner)           Turns: 13186, Time: 00:57:17

Health: -4/78      AC:  9    Str:  7      XL:     11   Next: 94%
Magic:  4/18       EV: 13    Int: 23 (25) God:    Sif Muna [*****.]
Gold:   594        SH:  0    Dex: 14      Spells: 5 memorised, 0 levels left

rFire  . . .     SeeInvis +     H - +4 halberd (vamp)
rCold  . . .     Clarity  +     i - +2 leather armour {rPois}
rNeg   . . .     SustAb   .     (no shield)
rPois  +         Gourm    .     q - +0 helmet
rElec  .         Spirit   .     e - +2 cloak
rCorr  .         Warding  .     (no gloves)
rMut   .         Stasis   .     (no boots)
MR     ++...                    E - amulet of clarity
Stlth  ++........               m - +5 ring of intelligence
                                c - ring of protection from magic

@: very slightly contaminated, regenerating very quickly, very resistant to
hostile enchantments, unstealthy
A: bottle blood, fangs 3, see invisible, unbreathing
a: Channel Energy, Forget Spell, Renounce Religion


You were on level 3 of the Lair of Beasts.
You worshipped Sif Muna.
Sif Muna was extremely pleased with you.
You were almost alive.

You visited 3 branches of the dungeon, and saw 14 of its levels.

You collected 594 gold pieces.

Inventory:

Hand weapons
 H - a +4 vampiric halberd (weapon)
Armour
 e - a +2 cloak (worn)
 i - a +2 leather armour of poison resistance (worn)
 q - a +0 helmet (worn)
Jewellery
 c - a ring of protection from magic (left hand)
 m - a +5 ring of intelligence (right hand)
 x - an uncursed ring of sustain abilities
 E - an amulet of clarity (around neck)
 G - an uncursed amulet of warding
Magical devices
 a - a wand of digging (8)
 h - a wand of magic darts (17)
 k - a wand of cold (4)
 o - a wand of fireball (8)
 r - a wand of fireball (5)
 B - a wand of teleportation (4)
Scrolls
 d - 2 scrolls of recharging
 f - 2 scrolls of blinking
 g - 2 scrolls of fog
 s - a scroll of magic mapping
 t - 2 scrolls of identify
 v - 2 scrolls of silence
 w - 2 scrolls of teleportation
 y - 6 scrolls of remove curse
 z - a scroll of amnesia {unknown}
 D - a scroll of enchant armour {unknown}
 I - a scroll of immolation {unknown}
 J - a scroll of torment {unknown}
Potions
 j - 5 potions of restore abilities
 l - 15 potions of blood {@*1}
 n - a potion of flight
 p - a potion of resistance
 u - a potion of cure mutation {unknown}
 A - 2 potions of brilliance
 C - a potion of mutation {!q}
 F - a potion of cancellation
 K - a potion of haste {unknown}
 L - a potion of ambrosia
Books
 b - a book of Callings

   Spells                             Type                      Level
   a - Summon Small Mammal            Summoning                    1
   b - Call Imp                       Summoning                    2
   c - Call Canine Familiar           Summoning                    3
   d - Summon Guardian Golem          Hexes/Summoning              4
   e - Summon Lightning Spire         Summoning/Air                4
   f - Summon Ice Beast               Ice/Summoning                4


   Skills:
 + Level 4.4 Fighting
   Level 3.4 Short Blades
 * Level 10.9 Polearms
 - Level 5.0 Dodging
 - Level 3.0 Stealth
 - Level 2.0 Spellcasting
 - Level 6.9 Hexes
 + Level 11.2 Summonings
 - Level 5.4 Ice Magic
 - Level 4.1 Evocations


You couldn't memorise any spells.
You knew the following spells:

 Your Spells              Type           Power        Failure   Level  Hunger
d - Call Canine Familiar  Summ           ######..     1%          3    ###....
g - Summon Guardian Gole  Hex/Summ       #####...     3%          4    #####..
i - Summon Ice Beast      Ice/Summ       #####...     6%          4    #####..
s - Call Imp              Summ           ######..     1%          2    ##.....
z - Summon Small Mammal   Summ           ####         1%          1    #......


Dungeon Overview and Level Annotations

Branches:
Dungeon (10/15)            Temple (1/1) D:4            Lair (3/8) D:9
  Swamp: Lair:3-6    Shoals: Lair:3-6     Snake: Lair:3-6    Spider: Lair:3-6
    Orc: D:9-12

Altars:
Ashenzari
Cheibriados
Gozag
Kikubaaqudgha
Makhleb
Nemelex Xobeh
Okawaru
Ru
Sif Muna
Trog
Xom
Yredelemnul
Zin
The Shining One


Innate Abilities, Weirdness & Mutations

Your natural rate of healing is extremely fast.
You can bottle blood from corpses.
You have razor-sharp teeth.
You have supernaturally acute eyesight.
You can survive without breathing.


Message History

Your ice beast melts!
Your ice beast is engulfed in roaring flames.
Your ice beast dies!
Drink which item? (? for menu, Esc to quit)
Yummy - fresh blood!
Drink which item? (? for menu, Esc to quit)
Yummy - fresh blood!
The blink frog is engulfed in roaring flames. x2
The blink frog barely misses you.
Your crimson imp closely misses the blink frog.
Drink which item? (? for menu, Esc to quit)
Yummy - fresh blood!
Your crimson imp blinks!
The blink frog is engulfed in roaring flames. x2
The blink frog blinks!
The blink frog is engulfed in roaring flames.
The blink frog momentarily phases out as your crimson imp's attack passes through it.
The blink frog is engulfed in roaring flames.
The blink frog hits you!
You die...

#...####.#...............
##........................
#.........................
##........................
#..........F5§...#.P....#
#..........)...###....#.#
#P...###.#.#....##.......#
##...###.##5§...#........#
....##..@F§§F...........#
...#...h#§§....#.......#
........##.............#
........................
.....#...................
#...##....P..............
#....#...##....P#####P#..
#...P.#.#......###.####P.
#........................


You could see 2 blink frogs, a friendly warg and a friendly crimson imp.

Vanquished Creatures
  2 elephants (Lair:3)
  A black mamba (Lair:2)
  4 spiny frogs
  The ghost of haldagan the Shield-Bearer, an experienced DsFi (D:5)
  2 komodo dragons
  A fire drake (Lair:1)
  3 blink frogs
  A spriggan (D:7)
  2 yaks (Lair:3)
  A hippogriff (D:8)
  2 water moccasins
  4 wolves (Lair:3)
  Edmund (D:4)
  7 porcupines
  A black bear (D:8)
  An ice beast (D:6)
  An orc warrior (D:7)
  3 ogres
  2 crocodiles
  Duvessa (D:4)
  11 giant frogs
  A wyvern skeleton (D:7)
  2 scorpions
  A killer bee (D:8)
  6 wights (D:9)
  A crimson imp (D:8)
  3 orc priests
  2 hounds
  2 goliath beetles
  2 iguanas
  A jelly (D:6)
  7 orc wizards
  2 worker ants
  8 sheep
  A killer bee zombie (D:6)
  2 hound skeletons
  18 river rats
  7 adders
  An adder zombie (D:8)
  6 giant geckos
  An ooze (D:2)
  22 orcs
  7 giant cockroaches
  10 goblins
  13 hobgoblins
  7 quokkas
  10 bats
  4 giant newts
  A giant spore (D:8)
  15 kobolds
  13 rats
  A rat zombie (D:8)
229 creatures vanquished.

Vanquished Creatures (collateral kills)
  2 hydras (Lair:3)
  A black mamba (Lair:1)
  4 elephants (Lair:3)
  A centaur skeleton (D:10)
  7 spiny frogs
  A gargoyle (D:10)
  18 blink frogs
  2 basilisks (Lair:1)
  4 ice beasts (Lair:3)
  4 yaks
  A hippogriff (D:8)
  2 water moccasins
  6 porcupines
  The ghost of haldagan the Cutter, an average VSBe of Trog (D:3)
  An ogre (D:4)
  An orc warrior (D:7)
  A centaur (D:8)
  A phantom (D:4)
  5 crocodiles
  7 giant frogs
  3 killer bees (D:8)
  An electric eel (Lair:2)
  A goliath beetle (D:7)
  Dowan (D:4)
  2 crimson imps (D:6)
  A giant frog zombie (D:10)
  An iguana (Lair:2)
  Crazy Yiuf (D:4)
  2 hounds
  2 orc priests
  An orc wizard (D:7)
  3 worker ants
  5 sheep (D:9)
  A hound zombie (D:9)
  Terence (D:3)
  5 adders
  10 river rats
  A gnoll (D:2)
  2 worms (D:3)
  A giant gecko (D:3)
  6 orcs
  3 bat zombies (D:8)
  2 goblins (D:3)
  4 hobgoblins
  A bat (D:3)
  A kobold (D:9)
  2 rats (D:5)
  A ballistomycete (D:8)
135 creatures vanquished.

Vanquished Creatures (others)
  3 guardian golems (Lair:3)
  15 wolves
  A warg (Lair:3)
  31 ice beasts
  3 crimson imps
  9 hounds
  An iron imp (D:5)
  4 white imps
  A fungus (Lair:3)
68 creatures vanquished.

Grand Total: 432 creatures vanquished

Notes
Turn   | Place    | Note
--------------------------------------------------------------
     0 | D:1      | PolkaDot, the Vampire Summoner, began the quest for the Orb.
     0 | D:1      | Reached XP level 1. HP: 13/13 MP: 3/3
   245 | D:1      | Reached skill level 1 in Fighting
   676 | D:1      | Reached XP level 2. HP: 21/21 MP: 4/4
   684 | D:1      | Learned a level 2 spell: Call Imp
  1229 | D:2      | Reached skill level 1 in Short Blades
  1240 | D:2      | Found a burning altar of Makhleb.
  1323 | D:2      | Reached XP level 3. HP: 27/27 MP: 0/6
  1327 | D:2      | Reached XP level 4. HP: 34/34 MP: 1/7
  1769 | D:2      | Learned a level 3 spell: Call Canine Familiar
  1903 | D:3      | Noticed haldagan's ghost (average VSBe)
  2431 | D:3      | Found a glowing golden altar of the Shining One.
  2631 | D:3      | Noticed Terence
  2651 | D:3      | Killed Terence
  3016 | D:3      | Reached XP level 5. HP: 34/40 MP: 9/9
  3198 | D:3      | Killed haldagan's ghost
  3300 | D:4      | Found a staircase to the Ecumenical Temple.
  3348 | Temple   | Entered the Ecumenical Temple
  3355 | Temple   | Became a worshipper of Sif Muna the Loreminder
  3604 | D:4      | Noticed Dowan
  3621 | D:4      | Killed Dowan
  3621 | D:4      | Reached XP level 6. HP: 29/47 MP: 6/10
  3716 | D:4      | Noticed Duvessa
  3751 | D:4      | Killed Duvessa
  3865 | D:4      | Found a sparkling altar of Nemelex Xobeh.
  3895 | D:4      | Noticed Edmund
  3917 | D:4      | Killed Edmund
  3917 | D:4      | Reached skill level 5 in Summonings
  4393 | D:4      | Found an opulent altar of Gozag.
  4393 | D:4      | Found an iron altar of Okawaru.
  4509 | D:4      | Noticed an ogre
  4518 | D:4      | Killed an ogre
  4518 | D:4      | Reached XP level 7. HP: 53/53 MP: 1/12
  4528 | D:4      | Learned a level 4 spell: Summon Ice Beast
  4800 | D:4      | Acquired Sif Muna's first power
  4800 | D:4      | Reached skill level 1 in Ice Magic
  4800 | D:4      | Reached skill level 1 in Evocations
  5006 | D:4      | Noticed Crazy Yiuf
  5020 | D:4      | Killed Crazy Yiuf
  5020 | D:4      | Reached skill level 6 in Summonings
  5067 | D:5      | Entered Level 5 of the Dungeon
  5083 | D:5      | Noticed haldagan's ghost (experienced DsFi)
  5118 | D:5      | Killed haldagan's ghost
  5475 | D:5      | Reached XP level 8. HP: 60/60 MP: 13/13
  5888 | D:6      | Found a sacrificial altar of Ru.
  6307 | D:6      | Found an iron altar of Okawaru.
  6559 | D:6      | Acquired Sif Muna's second power
  6791 | D:7      | Reached skill level 5 in Ice Magic
  6844 | D:7      | Found an iron altar of Okawaru.
  7028 | D:7      | Reached skill level 7 in Summonings
  7282 | D:7      | Found a deep blue altar of Sif Muna.
  7302 | D:7      | Reached skill level 1 in Polearms
  7411 | D:7      | Found a glowing silver altar of Zin.
  7607 | D:7      | Reached XP level 9. HP: 57/65 MP: 10/15
  8183 | D:8      | Reached skill level 8 in Summonings
  8279 | D:8      | Got an ancient dagger
  8280 | D:8      | Identified the +6 dagger of Gallantry {freeze, rF+ Dex+4} (You found it on level 8 of the Dungeon)
  8496 | D:8      | Found an ancient bone altar of Kikubaaqudgha.
  8580 | D:9      | Reached skill level 5 in Polearms
  8729 | D:9      | Found a staircase to the Lair.
  9272 | D:10     | Entered Level 10 of the Dungeon
  9272 | D:10     | Noticed a centaur skeleton
  9272 | D:10     | Noticed a gargoyle
  9280 | D:10     | Killed a gargoyle
  9283 | D:10     | Killed a centaur skeleton
  9283 | D:10     | Reached XP level 10. HP: 46/71 MP: 1/16
  9329 | D:9      | Reached skill level 9 in Summonings
  9342 | Lair:1   | Entered Level 1 of the Lair of Beasts
 10124 | Lair:1   | Noticed a black mamba
 10136 | Lair:1   | Killed a black mamba
 10232 | Lair:1   | Reached skill level 10 in Summonings
 10930 | Lair:2   | Reached XP level 11. HP: 76/76 MP: 18/18
 11071 | Lair:2   | Noticed a black mamba
 11088 | Lair:2   | Killed a black mamba
 11413 | Lair:2   | Acquired Sif Muna's third power
 11554 | Lair:2   | Reached skill level 10 in Polearms
 11973 | Lair:2   | Reached skill level 5 in Dodging
 12154 | Lair:2   | Learned a level 4 spell: Summon Guardian Golem
 12177 | Lair:3   | Reached skill level 1 in Hexes
 12630 | Lair:3   | Reached skill level 5 in Hexes
 12651 | Lair:3   | Noticed a four-headed hydra
 12679 | Lair:3   | Killed a four-headed hydra
 12921 | Lair:3   | Reached skill level 11 in Summonings
 12932 | Lair:3   | Noticed a four-headed hydra
 12942 | Lair:3   | Killed a four-headed hydra
 13186 | Lair:3   | Slain by a blink frog

Action                   |  1- 3 |  4- 6 |  7- 9 | 10-12 || total
-------------------------+-------+-------+-------+-------++-------
Melee: Dagger            |   101 |   313 |   351 |       ||   765
       Unarmed           |    13 |       |       |       ||    13
       Halberd           |       |       |   192 |   431 ||   623
 Cast: Summon Small Mamm |     4 |       |       |       ||     4
       Call Imp          |     4 |    23 |    15 |     2 ||    44
       Call Canine Famil |       |    13 |    19 |    22 ||    54
       Summon Ice Beast  |       |       |    27 |    86 ||   113
       Summon Guardian G |       |       |       |     6 ||     6
Invok: Channel Energy    |       |       |    17 |   122 ||   139
Evoke: Wand              |       |     6 |     1 |     2 ||     9
  Use: Potion            |     3 |     9 |    17 |    46 ||    75
       Scroll            |       |     6 |    12 |     6 ||    24
 Stab: Sleeping          |     3 |     3 |    13 |     8 ||    27
       Distracted        |       |     1 |     2 |     6 ||     9
       Invisible         |       |       |     2 |     6 ||     8
  Eat: Corpse            |    10 |    16 |     6 |    20 ||    52
